 Dungeon Crawl Stone Soup version bcrawl-1.12-11-gb93c957c58 (webtiles) character file.

Game seed: 2805718940902219646

308 BorisKarlOrff the Covert (level 6, 0/38 HPs)
             Began as a Dusk Walker Rogue on June 12, 2019.
             Slain by a gnoll
             ... wielding a +0 dagger
              (8 damage)
             ... on level 3 of the Dungeon on June 22, 2019.
             The game lasted 00:06:49 (3016 turns).

BorisKarlOrff the Covert (Dusk Walker Rogue)        Turns: 3016, Time: 00:06:50

Health: 0/38       AC:  3    Str: 11    XL:     6   Next: 16%
Magic:  7/7        EV: 12    Int: 12    God:
Gold:   154        SH:  0    Dex: 18    Spells: 5/5 levels left

rFire    . . .     SeeInvis .   a - +2 dagger
rCold    . . .     Gourm    .   (no shield)
rNeg     . . .     Faith    .   c - +0 robe
rPois    .         Spirit   .   (no helmet)
rElec    .         Reflect  .   d - +0 cloak
rCorr    .         Harm     .   (no gloves)
MR       +....                  (no boots)
Stlth    ++++++....             r - amulet of rage
HPRegen  0.12/turn              i - ring of protection from magic
MPRegen  0.10/turn              o - +2 ring of dexterity

@: about to teleport, hasted, very quick
A: draining touch, unencumbered stealth, fangs 2, nightstalker 1
a: Evoke Berserk Rage


You were on level 3 of the Dungeon.
You were not hungry.

You visited 1 branch of the dungeon, and saw 3 of its levels.

You collected 154 gold pieces.

Inventory:

Hand Weapons
 a - a +2 dagger (weapon)
 b - a +0 blowgun
Missiles
 e - 80 poisoned needles
 n - 12 curare-tipped needles
Armour
 c - a +0 robe (worn)
 d - a +0 cloak (worn)
Jewellery
 i - a ring of protection from magic (left hand)
 o - a +2 ring of dexterity (right hand)
 r - an amulet of rage (around neck)
Wands
 f - a wand of flame (15)
 g - a wand of enslavement (15)
Scrolls
 j - a scroll of enchant weapon {unknown}
 k - a scroll of fear {unknown}
 l - a scroll of amnesia {unknown}
 t - 3 scrolls of teleportation
 u - a scroll of magic mapping {unknown}
Potions
 m - 2 potions of haste
 p - a potion of berserk rage {unknown}
 q - a potion of lignification {unknown}
 s - a potion of might {unknown}
Comestibles
 h - 4 rations {!d}


   Skills:
 + Level 1.4 Fighting
 + Level 3.6 Short Blades
 + Level 1.5 Throwing
 + Level 1.0 Dodging
 * Level 10.4 Stealth
 + Level 2.0 Evocations


You had 5 spell levels left.
You didn't know any spells.
Your spell library was empty.

Dungeon Overview and Level Annotations

Branches:
Dungeon (3/12)

Altars:
Xom


Innate Abilities, Weirdness & Mutations

Your attacks drain your enemies.
You move stealthily even while encumbered by armour.
You have extremely sharp teeth.
You are slightly more attuned to the shadows.


Message History

You start resting.
The kobold is too close now for your liking.
A kobold is nearby!
The kobold shouts!
You barely miss the kobold.
The kobold hits you with a cursed -3 dagger.
* * * LOW HITPOINT WARNING * * *
You kill the kobold!
A gnoll comes into view. It is wielding a +0 dagger.
Items here: ) †††† a cursed -3 dagger; a kobold corpse; a worm corpse; a leopard gecko corpse a dart slug corpse You feel yourself speed up.
An ooze comes into view.
The gnoll hits you but does no damage.
As you read the scroll labeled YCIAS NAICS, it crumbles to dust.
You feel strangely unstable.
It was a scroll of teleportation.
The ooze quivers.
The gnoll hits you with a +0 dagger!
You die...

.........########.#########
...#.............<#
##.################ ##.###
######..## # ...##..
##..##.†..# # ...##.#
#....'.†..# # ...##.#
#....##J.## #
##.##.#####..###g#'.... #
##.##.##..#'##..@##...o
####
##.##.'....##.....##..#
#.##
##.##.#....#)......##'#
#.## ##....##..##(..8..(#
.. #.# ##...####'##.......#
#.# ##...# #..##.....## #.#
##...# ....##...## #.#
##...# ....'#'### #.#
###### ..# #######.##


You could see a gnoll and an ooze.

Vanquished Creatures
  A centaur (D:3)
  A scorpion (D:3)
  A centaur skeleton (D:3)
  3 gnolls
  4 adders
  3 oozes
  3 worms
  A dart slug (D:3)
  2 leopard geckos (D:3)
  2 orcs (D:3)
  8 bats
  2 giant cockroaches (D:2)
  5 goblins
  6 hobgoblins
  8 jackals
  10 kobolds
  4 frilled lizards (D:1)
  3 rats (D:1)
67 creatures vanquished.

Notes
Turn   | Place    | Note
-------+----------+-------------------------------------------
     0 | D:1      | BorisKarlOrff the Dusk Walker Rogue began the quest for the
                  | Orb.
     0 | D:1      | Reached XP level 1. HP: 11/11 MP: 2/2
     0 | D:1      | Upgraded the game from bcrawl-1.12-10-g10a67aac0f to
                  | bcrawl-1.12-11-gb93c957c58
    62 | D:1      | Reached skill level 7 in Stealth
    76 | D:1      | Reached XP level 2. HP: 17/17 MP: 3/3
   232 | D:1      | Reached XP level 3. HP: 21/21 MP: 4/4
   237 | D:1      | Reached skill level 8 in Stealth
  1082 | D:2      | Gained mutation: You are slightly more attuned to the
                  | shadows. [Dusk Walker growth]
  1082 | D:2      | Reached XP level 4. HP: 20/27 MP: 5/5
  1134 | D:2      | Found a shimmering altar of Xom.
  1228 | D:2      | Reached skill level 9 in Stealth
  1900 | D:3      | Reached skill level 1 in Fighting
  1900 | D:3      | Reached XP level 5. HP: 10/33 MP: 6/6
  2578 | D:3      | Noticed a centaur
  2594 | D:3      | Killed a centaur
  2594 | D:3      | Reached skill level 10 in Stealth
  2594 | D:3      | Reached XP level 6. HP: 13/38 MP: 7/7
  2960 | D:3      | Reached skill level 1 in Dodging
  3016 | D:3      | Slain by a gnoll

Skill      XL: |  1  2  3  4  5  6 |
---------------+-------------------+-----
Stealth        | 7 8 9 10 | 10.4
Fighting       | 1 |  1.4
Short Blades   | 3 |  3.6
Dodging        | 1 |  1.0
Throwing       | |  1.5
Evocations     | |  2.0

Action                   |  1- 3 |  4- 6 || total
-------------------------+-------+-------++-------
Melee: Dagger            |    86 |    79 ||   165
       Bite              |     4 |     6 ||    10
  Use: Potion            |       |     3 ||     3
       Scroll            |       |     1 ||     1
 Stab: Sleeping          |    15 |     9 ||    24
  Eat: Ration            |     1 |     1 ||     2
Armor: Robe              |    25 |     7 ||    32
Dodge: Dodged            |    41 |    22 ||    63
